 Dungeon Crawl Stone Soup version 0.20.0-10-g0535bb4 (webtiles) character file.

851983 Lavandula the Immaculate (level 27, -8/201 (203) HPs)
             Began as a Barachi Hunter on June 2, 2017.
             Was a High Priest of Zin.
             Killed from afar by Cerebov (46 damage)
             ... with a great blast of fire
             ... in Pandemonium on June 4, 2017.
             The game lasted 08:29:53 (85417 turns).

Lavandula the Immaculate (Barachi Hunter)          Turns: 85417, Time: 08:29:54

HP:   -8/201 (203)  AC: 20    Str: 21    XL:     27
MP:   30/38         EV: 32    Int: 18    God:    Zin [*****.]
Gold: 4428          SH:  0    Dex: 21    Spells: 3/48 levels left

rFire    + . .     SeeInvis .   x - +6 great mace (holy)
rCold    + . .     Gourm    .   (shield currently unavailable)
rNeg     . . .     Faith    .   d - +5 steam dragon scales
rPois    +         Spirit   .   w - +2 hat of Lethargy {rPois Str+6 Int+3}
rElec    .         Reflect  .   j - scarf {rC+ rF+}
rCorr    .         Harm     .   Q - +2 pair of gloves
MR       ++...                  b - +2 pair of boots {run}
Stlth    ++++++....             q - amulet of regeneration
Regen    0.9/turn               (no ring)
MPRegen  0.3/turn               h - ring of wizardry

@: about to teleport, can't hop, deflect missiles
A: +LOS, swims, slowness 1, strong legs 2
}: 9/15 runes: decaying, slimy, silver, abyssal, demonic, glowing, magical,
dark, gossamer
a: Hop, Recite, Vitalisation, Imprison, Sanctuary, Donate Gold, Renounce
Religion


You were in Pandemonium.
You worshipped Zin.
Zin was extremely pleased with you.
You were not hungry.

You visited 9 branches of the dungeon, and saw 47 of its levels.
You visited Pandemonium 6 times, and saw 24 of its levels.
You visited the Abyss 1 time.
You visited 1 ziggurat, and saw 9 of its levels.
You also visited: Labyrinth, Trove, Sewer and Bailey.

You collected 7482 gold pieces.
You spent 1794 gold pieces at shops.
You donated 1260 gold pieces to Zin.

Inventory:

Hand Weapons
 k - the +11 longbow of Ziushirr {venom, MP+9 Str+2 SInv}
   (You found it on level 5 of the Vaults)

   It poisons the ammo it fires.
   It affects your strength (+2).
   It affects your magic capacity (+9).
   It lets you see invisible.
 x - a +6 great mace of holy wrath (weapon)
 z - the +7 longbow "Piercer" {penet, EV-2}
   (You found it in a treasure trove)

   Ammo fired by it will pass through the targets it hits, potentially hitting
   all targets in its path until it reaches maximum range.
   It affects your evasion (-2).
Missiles
 H - 7 throwing nets (quivered)
 X - 360 arrows
Armour
 b - a +2 pair of boots of running (worn)
 d - +5 steam dragon scales (worn)
 j - a scarf of resistance (worn)
 u - +5 fire dragon scales {Xtahua}
 w - the +2 hat of Lethargy (worn) {rPois Str+6 Int+3}
   (You found it on level 5 of the Vaults)

   It affects your strength (+6).
   It affects your intelligence (+3).
   It protects you from poison.
 Q - a +2 pair of gloves (worn)
Jewellery
 h - a ring of wizardry (right hand)
 q - an amulet of regeneration (around neck)
 y - the ring "Bunu" {rElec rC+ Dex+6 SInv}
   (You took it off a minotaur in a labyrinth)

   [ring of protection from cold]

   It affects your dexterity (+6).
   It protects you from cold.
   It insulates you from electricity.
   It lets you see invisible.
 I - the amulet "Nitev" {+Rage rF+ MR+}
   (You took it off a gnoll sergeant in a bailey)

   [amulet of rage]

   It protects you from fire.
   It affects your resistance to hostile enchantments.
   It lets you go berserk.
 L - the ring "Jousak" {rCorr rPois Stlth+}
   (You found it on level 5 of a ziggurat)

   [ring of resist corrosion]

   It protects you from poison.
   It makes you more stealthy.
 T - the ring "Bifuts" {rF+ rN+ SInv}
   (You took it off a balrug in Pandemonium)

   [ring of see invisible]

   It protects you from fire.
   It protects you from negative energy.
   It lets you see invisible.
 U - an uncursed ring of protection from magic
Wands
 t - a wand of scattershot (6/9)
 E - a wand of paralysis (18/24)
 O - a wand of digging (19/24)
Scrolls
 a - 7 scrolls of fog
 c - 2 scrolls of immolation
 g - 4 scrolls of blinking
 o - 12 scrolls of teleportation
 D - 12 scrolls of identify
 F - 3 scrolls of amnesia
 G - a scroll of brand weapon
 J - 8 scrolls of magic mapping
 K - 23 scrolls of remove curse
 S - 7 scrolls of fear
 Y - 2 scrolls of summoning
Potions
 e - 2 potions of resistance
 l - 5 potions of heal wounds
 m - 3 potions of haste
 n - 7 potions of magic
 r - 4 potions of berserk rage
 s - 6 potions of agility
 v - 7 potions of might
 A - 6 potions of ambrosia
 B - 18 potions of curing
 C - a potion of cancellation
 W - 7 potions of brilliance
 Z - 6 potions of invisibility
Miscellaneous
 f - a lamp of fire
 i - 2 phantom mirrors
 M - 2 sacks of spiders
 N - a phial of floods
 R - a lightning rod (4/4)
Comestibles
 p - 5 royal jellies
 P - 11 fruits
 V - 3 bread rations


   Skills:
 - Level 13.9 Fighting
   Level 1.0(1.1) Short Blades
   Level 0.2(0.8) Long Blades
 - Level 20.3 Maces & Flails
 - Level 20.5 Bows
   Level 8.6 Crossbows
 - Level 9.3 Armour
 - Level 21.4 Dodging
 - Level 14.1 Stealth
 - Level 11.0 Spellcasting
 - Level 15.0 Conjurations
 - Level 7.7 Charms
 - Level 11.5 Summonings
 - Level 7.8 Translocations
 - Level 8.8 Air Magic
 + Level 22.0 Invocations
 - Level 6.9 Evocations


You had 3 spell levels left.
You knew the following spells:

 Your Spells              Type           Power        Failure   Level  Hunger
a - Swiftness             Chrm/Air       #####...     1%          2    None
b - Summon Mana Viper     Hex/Summ       ####....     8%          5    #####..
c - Apportation           Tloc           #####.       1%          1    None
d - Summon Butterflies    Summ           ######..     1%          1    None
e - Summon Lightning Spi  Summ/Air       #####...     1%          4    ##.....
f - Mephitic Cloud        Conj/Pois/Air  #####...     1%          3    None
g - Deflect Missiles      Chrm/Air       #####.....   14%         6    ######.
h - Shroud of Golubria    Chrm/Tloc      #####.....   1%          2    None
i - Blink                 Tloc           N/A          1%          2    None
j - Spectral Weapon       Hex/Chrm       ###.....     1%          3    None
k - Portal Projectile     Hex/Tloc       ###...       1%          3    None
l - Iron Shot             Conj/Erth      #####.....   21%         6    ######.
m - Spellforged Servitor  Conj/Summ      ######....   11%         7    #######


Dungeon Overview and Level Annotations

Branches:
Dungeon (15/15)            Temple (0/1) D:7            Lair (6/6) D:10
  Swamp (4/4) Lair:4       Spider (4/4) Lair:2        Slime (5/5) Lair:6
    Orc (2/2) D:11            Elf (0/3) Orc:2        Vaults (5/5) D:14
  Crypt (0/3) Vaults:3     Depths (5/5) D:15           Hell (1/1)
    Zot (0/5) Depths:5
    Dis: Hell:1         Geh: Hell:1         Coc: Hell:1         Tar: Hell:1

Altars:
Elyvilon
Gozag
Makhleb
Nemelex Xobeh
Trog
Uskayaw
Xom
Zin
Beogh
Lugonu

Shops:
D:5 ?   D:9 ((=   D:12 *   Orc:2 =[?!}   Vaults:1 (!:   Vaults:2 (   Depths:1 [
Depths:4 }

Portals:
Hell: Depths:1 Depths:2 Depths:3 Depths:4 Depths:5
Abyss: Depths:1 Depths:4
Pandemonium: Depths:1 Depths:3

Annotations:
D:5 exclusion: moth of wrath
Slime:5 sreda's ghost, legendary MfMo
Pan Cerebov; Gloorx Vloq


Innate Abilities, Weirdness & Mutations

Shadows flee at your approach. (+LOS)
You can swim through water.
You cover ground slowly.
You can hop longer distances.


Message History

Found a fiery rune of Zot.
Unknown command.
As you read the scroll of teleportation, it crumbles to dust.
You feel strangely unstable.
The curse skull rattles its jaw. x2
Casting: Spectral Weapon
Confirm with . or Enter, or press ? or * to list all spells.
Aiming: Apportation
Press: ? - help, Dir - move target cursor Apport: a fiery rune of Zot Yoink!
You pull the item towards yourself.
Zin releases Cerebov from its prison.
The sun demon closely misses you.
The curse skull calls on the powers of darkness!
Your body is wracked with pain!
* * * LOW HITPOINT WARNING * * *
The sun demon barely misses you. Cerebov gestures at you.
A raging storm of fire appears!
The great blast of fire engulfs you! You partially resist.
You die...

.##.##.#.........21..##
#.....#
.##....#.&≈≈≈.≈≈≈......
#.....#
.##.#....≈≈≈≈.≈≈≈≈....#
#.....#
###.....≈≈≈≈...1≈≈≈....
#.....#
###.#...≈≈≈≈...≈≈≈≈...#
#.....#
.......≈≈≈≈.....≈≈≈≈...
####..#
#.#...≈≈≈≈....1.###
#..#
......≈≈≈≈....#3#.##
#..#
.....≈≈≈≈≈....#.@..#
#..#
......≈≈≈≈....#3#.##
#..#
#.#...≈≈≈≈......###
#..# .(.....≈≈≈≈..zM.≈
####..#
###.#...≈###.sW≈≈
#.....#
###.....≈#&#sW.≈≈
#.....#
.##.#....###≈.≈≈≈≈
#.....#
.##.......≈≈≈.≈≈≈.
#.....# .##.#
.......... #.....#


You could see Cerebov, 2 Brimstone Fiends, a flayed ghost, 2 demonic crawlers, 2
sun demons, a curse skull, a hungry ghost and a mummy.

Vanquished Creatures
  the Royal Jelly (Slime:5)
  Mnoleg (Pan)
  Lom Lobon (Pan)
  2 ancient liches
  Mara (Depths:2)
  The ghost of Gitz the Minotaur Barricade, a veteran MiFi of Okawaru (Hell)
  4 juggernauts
  A greater mummy (Zig:4)
  2 pandemonium lords (Pan)
  Margery (Depths:5)
  the Lernaean hydra (Swamp:4)
  Saint Roka (Vaults:1)
  Xtahua (Depths:5)
  A caustic shrike (Depths:1)
  Geryon (Hell)
  Nikola (Swamp:1)
  4 golden dragons
  2 bone dragons
  the Enchantress (D:15)
  A Tzitzimitl (Pan)
  2 Hell Sentinels (Pan)
  5 tentacled monstrosities
  7 liches
  8 Ice Fiends (Pan)
  2 tentacled starspawn (Abyss:3)
  4 titans (Vaults:5)
  4 quicksilver dragons
  23 acid blobs
  20 Executioners (Pan)
  An ancient champion (Zig:9)
  10 sphinxes
  5 storm dragons
  9 shadow dragons
  3 draconian monks
  Kirke (D:12)
  6 tengu reavers
  Donald (Vaults:4)
  13 azure jellies
  2 revenants (Zig:9)
  16 frost giants
  A fire giant (shapeshifter) (Vaults:5)
  An iron dragon (Depths:3)
  9 fire giants
  9 cacodemons (Pan)
  5 draconian scorchers
  The ghost of vuolankoinen the Fighter, a journeyman HuWn of Ashenzari (D:13)
  A deep elf sorcerer (Vaults:5)
  19 vault wardens
  An orc warlord (Orc:1)
  4 corrupters (Pan)
  4 ghost moths
  Aizul (Vaults:1)
  A draconian shifter (Zig:5)
  4 warmongers (Pan)
  An angel (Abyss:3)
  Louise (Spider:1)
  15 ironheart preservers
  6 emperor scorpions
  13 balrugs
  2 draconian knights
  4 spriggan defenders
  A curse skull (Zig:9)
  A blood saint (Pan)
  5 reapers
  2 black suns (Pan)
  2 draconian annihilators (Pan)
  5 war gargoyles
  30 stone giants
  6 vampire knights
  2 green draconians
  2 ophanim (Abyss:3)
  5 very ugly things
  Nessos (Lair:6)
  2 bennus (Zig:4)
  The ghost of Deemzul the Unseen, a journeyman FeBe of Trog (Depths:1)
  A deep elf demonologist (Vaults:5)
  2 entropy weavers
  2 red draconians
  4 dire elephants (Lair:6)
  13 lorocyprocas
  2 deep elf annihilators (Pan)
  2 purple draconians
  5 spark wasps
  A yellow draconian (Depths:5)
  11 blizzard demons (Pan)
  2 merfolk javelineers
  13 green deaths
  13 death oozes
  4 deep elf death magi
  15 ettins
  A minotaur (Lab)
  A crystal guardian (Vaults:3)
  13 fire dragons
  Josephine (Swamp:1)
  20 yaktaur captains
  16 great orbs of eyes
  3 jiangshi (Depths:3)
  2 merfolk impalers
  26 ogre magi
  A minotaur (shapeshifter) (Depths:5)
  A kraken zombie (Hell)
  15 rakshasas
  5 deep elf high priests
  The ghost of Lavandula the Fighter, a journeyman BaHu of Cheibriados (Orc:2)
  Harold (D:10)
  33 hydras
  31 vault guards
  6 monstrous demonspawn
  17 ice dragons
  2 alligators
  A hydra (shapeshifter) (Vaults:5)
  2 hell beasts (Pan)
  A ghost crab (Swamp:1)
  11 spriggan air magi
  An anaconda (Lair:6)
  2 alligators (shapeshifter)
  3 death knights
  2 dancing weapons
  95 two-headed ogres
  5 deep troll shamans
  5 centaur warriors
  7 deep troll earth magi
  5 orc high priests
  2 tengu warriors
  7 thrashing horrors
  18 hell knights
  4 vampire magi
  6 deep elf knights
  12 spriggan berserkers
  37 sun demons
  Sonja (D:14)
  19 soul eaters
  An iron golem (Depths:1)
  3 wretched stars
  A fire crab (Zig:2)
  3 titan skeletons (Pan)
  4 shadow wraiths
  An iron troll (Depths:3)
  A death drake (shapeshifter) (Depths:4)
  5 skeletal warriors
  15 sixfirhies
  5 gelid demonspawn (Pan)
  2 spark wasp zombies
  5 flayed ghosts
  7 unseen horrors
  4 torturous demonspawn (Pan)
  5 glowing orange brains
  9 shadow demons (Pan)
  28 deep trolls
  2 storm dragon skeletons (Pan)
  9 infernal demonspawn (Pan)
  2 spriggan druids
  15 wizards
  A golden dragon skeleton (Pan)
  An obsidian statue (Zig:9)
  2 orange crystal statues
  A tengu zombie (Hell)
  4 shambling mangroves
  11 swamp dragons
  11 necromancers
  4 phantasmal warriors
  11 small abominations
  5 deep elf archers
  18 ironbrand convokers
  6 orc sorcerers
  13 orb spiders
  A fire giant zombie (Vaults:5)
  Pikel (D:4)
  23 ugly things
  A manticore (D:12)
  20 orc knights
  2 frost giant zombies
  A shining eye (Slime:3)
  12 deep elf magi
  A shadow dragon skeleton (Pan)
  A salamander (shapeshifter) (Vaults:3)
  2 manticores (shapeshifter)
  15 cyclopes
  29 wolf spiders
  A fire giant skeleton (Pan)
  4 elephants (Lair:6)
  A moth of wrath (shapeshifter) (Vaults:5)
  6 oklob plants
  A worldbinder (Zig:6)
  Maurice (D:8)
  4 moths of wrath
  2 stone giant skeletons
  2 human skeletons
  A frost giant skeleton (Vaults:3)
  8 rust devils
  6 black mambas
  2 black mambas (shapeshifter)
  17 vault sentinels
  2 apocalypse crabs
  8 eyes of devastation
  4 torpor snails
  A storm dragon simulacrum (Vaults:3)
  16 spiny frogs
  20 orange demons
  An orc skeleton (Vaults:3)
  18 smoke demons
  A gargoyle (D:14)
  10 hellions
  A human zombie (Vaults:5)
  A catoblepas skeleton (Pan)
  7 centaur skeletons
  69 yaktaurs
  6 tormentors
  A rime drake (shapeshifter) (Vaults:4)
  A rime drake (Lair:4)
  8 komodo dragons
  21 demonic crawlers
  A redback zombie (D:15)
  An ice devil (Pan)
  A tengu conjurer (D:13)
  2 ancient zymes (Zig:6)
  5 efreet
  8 freezing wraiths
  24 hellwings (Pan)
  11 red devils
  6 polar bears
  36 hornets
  4 meliai
  2 wind drakes (shapeshifter)
  36 jumping spiders
  5 trolls
  3 blink frogs (Lair:1)
  6 tyrant leeches
  A tyrant leech (shapeshifter) (Vaults:1)
  12 bog bodies
  92 slime creatures
  7 raiju (Abyss:3)
  2 ice dragon zombies (Hell)
  9 hippogriffs
  A harpy skeleton (D:14)
  A fire dragon zombie (Hell)
  A hippogriff (shapeshifter) (Depths:2)
  Sigmund (D:4)
  26 large abominations
  An ettin skeleton (Pan)
  10 spriggans
  19 ynoxinuls
  7 air elementals
  A spriggan (shapeshifter) (Vaults:2)
  A flying skull (Zig:6)
  84 redbacks
  10 wraiths
  2 starcursed masses (Abyss:3)
  23 water elementals
  A vampire (Zig:6)
  2 hogs (D:12)
  28 tarantellas
  5 basilisks
  33 yaks
  Eustachio (D:5)
  5 fire bats
  2 hogs (shapeshifter)
  An alligator skeleton (Pan)
  6 wyverns
  17 golden eyes
  A steam dragon (D:11)
  A human (shapeshifter) (Vaults:4)
  A basilisk (shapeshifter) (Vaults:5)
  4 fire elementals
  A golden eye (shapeshifter) (Vaults:2)
  Menkaure (D:5)
  8 chaos spawn (Pan)
  A steam dragon (shapeshifter) (Depths:4)
  26 vampire mosquitoes
  12 neqoxecs (Pan)
  4 wargs
  10 swamp worms
  A harpy simulacrum (D:15)
  2 soldier ants
  An acid dragon (Vaults:2)
  11 water moccasins
  11 porcupines
  Duvessa (D:5)
  A hell hound (Abyss:3)
  A spiny frog skeleton (Pan)
  2 floating eyes (Slime:4)
  69 orc warriors
  A hornet zombie (D:14)
  3 phantoms
  An alligator simulacrum (Hell)
  8 sky beasts
  8 eyes of draining
  4 ice beasts
  A black bear (shapeshifter) (Vaults:1)
  A black bear (D:11)
  21 swamp drakes
  An eye of draining (shapeshifter) (Vaults:1)
  A slave (D:4)
  A necrophage (D:13)
  21 boggarts
  13 centaurs
  17 wolves
  12 crocodiles
  70 ogres
  A big kobold (shapeshifter) (Vaults:5)
  5 big kobolds
  22 bullfrogs
  8 gnoll sergeants (Bailey)
  A glowing shapeshifter simulacrum (Vaults:3)
  2 wyvern zombies
  Dowan (D:5)
  9 scorpions
  9 wights (D:14)
  2 vampire bats (Lair:5)
  5 electric eels
  2 howler monkeys
  7 crimson imps
  2 centaur zombies
  2 quasits
  A wyvern simulacrum (D:14)
  12 hounds
  16 jellies
  2 bullfrog skeletons
  45 orc priests
  Crazy Yiuf (D:4)
  4 iron imps
  6 gnoll shamans (Bailey)
  4 iguanas
  36 orc wizards
  A lightning spire (Zig:8)
  13 worker ants
  2 hound skeletons
  5 mummies (Zig:4)
  A worker ant zombie (D:5)
  Robin (D:4)
  16 adders
  23 gnolls
  A river rat (Sewer)
  2 shadow imps
  A white imp (Vaults:4)
  An ooze (D:5)
  3 adder skeletons
  A worm (D:3)
  A ball lightning (Pan)
  13 leopard geckos
  106 orcs
  7 giant cockroaches
  21 goblins
  3 hobgoblins
  20 jackals
  7 quokkas
  13 bats
  4 frilled lizards
  12 kobolds
  A quokka zombie (D:5)
  13 rats
  A crawling corpse (Vaults:1)
  8 pillars of salt
  A plant (D:10)
  2 spectral weapons
  2 starspawn tentacles (Abyss:3)
  A tentacle (Hell)
2876 creatures vanquished.

Vanquished Creatures (collateral kills)
  A bone dragon (Zig:9)
  An Executioner (Pan)
  A curse skull (Pan)
  A reaper (Hell)
  A warmonger (Pan)
  2 corrupters (Pan)
  2 deep elf annihilators (Pan)
  A blizzard demon (Pan)
  2 monstrous demonspawn (Pan)
  A dancing weapon (Abyss:3)
  A centaur warrior (D:14)
  A sun demon (Pan)
  A soul eater (Pan)
  A wretched star (Abyss:3)
  A sixfirhy (Pan)
  2 cherubim (Abyss:3)
  A glowing orange brain (Pan)
  2 wizards (Pan)
  An ironbrand convoker (Vaults:1)
  A wolf spider (Spider:3)
  4 shining eyes
  A torpor snail (Spider:2)
  3 smoke demons (Pan)
  An orange demon (Pan)
  A demonic crawler (Pan)
  A red devil (Pan)
  A hornet (Swamp:1)
  A spriggan (Swamp:1)
  A neqoxec (Pan)
  A golden eye (Slime:3)
  A warg (Vaults:1)
  An eye of draining (D:12)
42 creatures vanquished.

Vanquished Creatures (others)
  3 eldritch tentacles (Pan)
  A blood saint (Pan)
  A deep elf death mage (Zig:9)
  A hydra (Lair:4)
  An ice dragon (Depths:5)
  2 two-headed ogres
  A dancing weapon (Vaults:4)
  A thrashing horror (Abyss:3)
  A sixfirhy (Pan)
  An ugly thing (D:11)
  A large abomination (Abyss:3)
  A hornet (Depths:5)
  A raiju (Abyss:3)
  A slime creature (D:14)
  A spriggan (Depths:5)
  A human (D:12)
  A vampire mosquito (Swamp:1)
  A chaos spawn (Pan)
  2 orc warriors
  An ogre (Vaults:2)
  3 ball lightnings (Pan)
  An orc (D:11)
  A frilled lizard (D:4)
  A block of ice (Pan)
  13 fungi
  20 pillars of salt
  16 plants
  5 spectral weapons
  3 starspawn tentacles (Abyss:3)
  5 tentacles (Hell)
92 creatures vanquished.

Grand Total: 3010 creatures vanquished

Notes
Turn   | Place    | Note
-------+----------+-------------------------------------------
     0 | D:1      | Lavandula the Barachi Hunter began the quest for the Orb.
     0 | D:1      | Reached XP level 1. HP: 17/17 MP: 1/1
   235 | D:1      | Reached XP level 2. HP: 23/23 MP: 2/2
   694 | D:2      | Reached skill level 5 in Bows
   694 | D:2      | Reached XP level 3. HP: 28/28 MP: 3/3
   750 | D:2      | Found a sparkling altar of Nemelex Xobeh.
  1011 | D:2      | Reached XP level 4. HP: 21/34 MP: 4/4
  1271 | D:2      | Found a faded altar of an unknown god.
  1280 | D:2      | Became a worshipper of Zin the Law-Giver
  1280 | D:2      | Reached * piety under Zin
  1280 | D:2      | Reached ** piety under Zin
  1865 | D:3      | Reached XP level 5. HP: 34/39 MP: 5/5
  2027 | D:3      | Reached skill level 1 in Short Blades
  2407 | D:4      | Noticed Menkaure
  2682 | D:4      | Reached XP level 6. HP: 46/46 MP: 6/6
  2777 | D:4      | Noticed Robin
  2796 | D:4      | Noticed a slave
  2802 | D:4      | Killed Robin
  2813 | D:4      | Killed a slave
  2816 | D:4      | Noticed Pikel
  2826 | D:4      | Killed Pikel
  2826 | D:4      | Reached XP level 7. HP: 22/51 MP: 7/7
  3042 | D:4      | Reached *** piety under Zin
  3200 | D:4      | Noticed Sigmund
  3349 | D:4      | Reached XP level 8. HP: 57/57 MP: 8/8
  3421 | D:4      | Found a white marble altar of Elyvilon.
  3476 | D:4      | Found a runed door.
  3648 | D:5      | Entered Level 5 of the Dungeon
  3796 | D:5      | Killed Menkaure
  3796 | D:5      | Reached skill level 10 in Bows
  3974 | D:5      | Reached skill level 1 in Invocations
  4082 | D:5      | Found a glowing drain.
  4134 | Sewer    | Entered a sewer
  4144 | Sewer    | Reached skill level 2 in Invocations
  4280 | Sewer    | Found a white marble altar of Elyvilon.
  4409 | D:5      | Got a silken robe
  4435 | D:5      | Noticed Duvessa
  4435 | D:5      | Noticed Dowan
  4448 | D:5      | Killed Duvessa
  4487 | D:5      | Killed Dowan
  4521 | D:5      | Found an opulent altar of Gozag.
  4576 | D:5      | Noticed Eustachio
  4591 | D:5      | Killed Eustachio
  4591 | D:5      | Reached skill level 5 in Fighting
  4655 | D:5      | Noticed a moth of wrath
  4667 | D:5      | Found a bloodstained altar of Trog.
  4752 | D:5      | Reached XP level 9. HP: 69/69 MP: 11/11
  4795 | D:5      | Found Vaiwkowa's Magic Scroll Shop.
  4800 | D:5      | Reached **** piety under Zin
  4820 | D:5      | Bought a scroll of magic mapping for 42 gold pieces
  4820 | D:5      | Bought a scroll of enchant armour for 90 gold pieces
  4820 | D:5      | Bought a scroll of teleportation for 36 gold pieces
  4820 | D:5      | Bought a scroll of teleportation for 36 gold pieces
  4820 | D:5      | Bought a scroll of identify for 24 gold pieces
  5202 | D:6      | Got a jewelled flail
  5203 | D:6      | Identified the cursed +2 flail "Ratrax" {crush, Str+2} (You found it on level 6 of the Dungeon)
  5214 | D:6      | Identified the +2 robe "Lomoim" {rF+ Str+3} (You found it on level 5 of the Dungeon)
  5919 | D:6      | Found a hide-covered altar of Uskayaw.
  6048 | D:7      | Found a staircase to the Ecumenical Temple.
  6215 | D:7      | Reached skill level 3 in Invocations
  6293 | D:7      | Reached skill level 1 in Maces & Flails
  7304 | D:8      | Found a flagged portal.
  7332 | Bailey   | Entered a bailey
  7563 | Bailey   | Reached skill level 4 in Invocations
  7644 | Bailey   | Reached XP level 10. HP: 83/83 MP: 13/13
  7973 | Bailey   | Reached skill level 5 in Invocations
  8306 | Bailey   | Reached ***** piety under Zin
  8528 | Bailey   | Got a clouded brass amulet
  8528 | Bailey   | Reached ****** piety under Zin
  8628 | Bailey   | Identified the amulet "Nitev" {+Rage rF+ MR+} (You took it off a gnoll sergeant in a bailey)
  8799 | D:8      | Reached skill level 6 in Invocations
  8981 | D:8      | Reached skill level 1 in Evocations
  8998 | D:8      | Found a burning altar of Makhleb.
  9097 | D:8      | Noticed Maurice
  9252 | D:8      | Killed Maurice
  9478 | D:8      | Reached skill level 5 in Evocations
  9590 | D:8      | Noticed a two-headed ogre
  9607 | D:8      | Killed a two-headed ogre
 10040 | D:8      | Reached skill level 5 in Maces & Flails
 10139 | D:9      | Reached XP level 11. HP: 28/89 MP: 16/16
 10759 | D:9      | Found Inoll's Antique Weapon Shop.
 10765 | D:9      | Bought a glowing long sword for 136 gold pieces
 10911 | D:9      | Found Tatzo's Antique Weapon Boutique.
 10915 | D:9      | Bought a runed flail for 182 gold pieces
 10975 | D:9      | Found Coserhaa's Jewellery Shoppe.
 11412 | D:10     | Entered Level 10 of the Dungeon
 11550 | D:10     | Noticed a two-headed ogre
 11569 | D:10     | Killed a two-headed ogre
 11569 | D:10     | Reached skill level 5 in Dodging
 11592 | D:10     | Noticed a two-headed ogre
 11666 | D:10     | Noticed a two-headed ogre
 11684 | D:10     | Killed a two-headed ogre
 12011 | D:10     | Noticed a two-headed ogre
 12033 | D:10     | Killed a two-headed ogre
 12279 | D:10     | Found a staircase to the Lair.
 12287 | D:10     | Noticed an oklob plant
 12318 | D:10     | Killed a two-headed ogre
 12344 | D:10     | Noticed Harold
 12360 | D:10     | Killed Harold
 12715 | D:11     | Killed a brown ugly thing
 12729 | D:11     | Noticed a cyclops
 12750 | D:11     | Killed a cyclops
 12936 | D:11     | Learned a level 2 spell: Swiftness
 12987 | D:11     | Noticed a two-headed ogre
 13012 | D:11     | Killed a two-headed ogre
 13012 | D:11     | Reached skill level 10 in Dodging
 13057 | D:11     | Killed a two-headed ogre
 13060 | D:11     | Reached skill level 1 in Spellcasting
 13076 | D:11     | Found a shimmering altar of Xom.
 13077 | D:11     | Noticed a cyclops
 13111 | D:11     | Killed a cyclops
 13111 | D:11     | Reached XP level 12. HP: 95/95 MP: 17/17
 13137 | D:11     | Reached skill level 1 in Air Magic
 13141 | D:11     | Noticed a six-headed hydra
 13157 | D:11     | Killed a six-headed hydra
 13389 | D:11     | Reached skill level 1 in Charms
 13440 | D:11     | Noticed a four-headed hydra
 13458 | D:11     | Killed a four-headed hydra
 13514 | D:11     | Found a staircase to the Orcish Mines.
 13520 | D:11     | Learned a level 4 spell: Airstrike
 13553 | D:11     | Found a roughly hewn altar of Beogh.
 14567 | Lair:1   | Entered Level 1 of the Lair of Beasts
 14630 | Lair:1   | Learned a level 1 spell: Apportation
 14632 | Lair:1   | Learned a level 1 spell: Summon Butterflies
 14731 | Lair:1   | Reached skill level 1 in Summonings
 15925 | Lair:2   | Found a hole to the Spider Nest.
 15992 | Lair:2   | Noticed an eight-headed hydra
 16009 | Lair:2   | Killed an eight-headed hydra
 16009 | Lair:2   | Reached skill level 10 in Maces & Flails
 16327 | Lair:2   | Gained mutation: You can hop longer distances. [Barachi growth]
 16327 | Lair:2   | Reached XP level 13. HP: 89/102 MP: 18/18
 18904 | Lair:4   | Found a staircase to the Swamp.
 19909 | Lair:5   | Reached skill level 1 in Armour
 20930 | Lair:6   | Entered Level 6 of the Lair of Beasts
 21067 | Lair:6   | Found a staircase to the Slime Pits.
 21124 | Lair:6   | Reached skill level 5 in Armour
 21339 | Lair:6   | Reached XP level 14. HP: 84/109 MP: 19/19
 21599 | Lair:6   | Noticed Nessos
 21613 | Lair:6   | Killed Nessos
 22609 | Orc:1    | Entered Level 1 of the Orcish Mines
 22757 | Orc:1    | Found a roughly hewn altar of Beogh.
 23339 | Orc:2    | Entered Level 2 of the Orcish Mines
 23339 | Orc:2    | Found Girupuib's Jewellery Shop.
 23341 | Orc:2    | Noticed Lavandula's ghost (journeyman BaHu)
 23763 | Orc:1    | Noticed an orc warlord
 23781 | Orc:1    | Killed an orc warlord
 23781 | Orc:1    | Reached skill level 7 in Invocations
 24239 | Orc:1    | Reached skill level 8 in Invocations
 24337 | Orc:1    | Found a roughly hewn altar of Beogh.
 24685 | Orc:2    | Reached skill level 1 in Stealth
 24793 | Orc:2    | Found a staircase to the Elven Halls.
 25334 | Orc:2    | Reached skill level 9 in Invocations
 25704 | Orc:2    | Killed Lavandula's ghost
 25785 | Orc:2    | Found Bekkoth's Magic Scroll Boutique.
 25785 | Orc:2    | Found Judofa's Armour Boutique.
 25785 | Orc:2    | Found Aclykhlegh's Distillery.
 25794 | Orc:2    | Found Xiom's Gadget Shop.
 25815 | Orc:2    | Bought a potion of might for 48 gold pieces
 25815 | Orc:2    | Bought a potion of heal wounds for 60 gold pieces
 25817 | Orc:2    | Bought a scroll of teleportation for 39 gold pieces
 25817 | Orc:2    | Bought a scroll of teleportation for 39 gold pieces
 25817 | Orc:2    | Bought a scroll of identify for 26 gold pieces
 25817 | Orc:2    | Bought a scroll of enchant armour for 97 gold pieces
 25818 | Orc:2    | Bought a wand of paralysis (13/24) for 210 gold pieces
 26207 | D:4      | Killed Sigmund
 26302 | D:4      | Noticed Crazy Yiuf
 26312 | D:4      | Killed Crazy Yiuf
 26662 | D:12     | Reached XP level 15. HP: 105/115 MP: 22/22
 26665 | D:12     | Noticed Kirke
 26689 | D:12     | Killed Kirke
 26689 | D:12     | Reached skill level 10 in Invocations
 26820 | D:12     | Found Cuonuf's Assorted Antiques.
 27253 | D:13     | Found a labyrinth entrance.
 27283 | Lab      | Entered a labyrinth
 27525 | Lab      | Got a glittering steel ring
 27526 | Lab      | Got a warped arbalest
 27553 | Lab      | Learned a level 4 spell: Summon Lightning Spire
 27557 | Lab      | Learned a level 3 spell: Mephitic Cloud
 27584 | Lab      | Identified the ring "Bunu" {rElec rC+ Dex+6 SInv} (You took it off a minotaur in a labyrinth)
 27602 | D:13     | Identified the +10 arbalest of Titinum {elec, Int+5} (You took it off a minotaur in a labyrinth)
 27762 | D:13     | Reached skill level 1 in Crossbows
 28073 | D:13     | Noticed vuolankoinen's ghost (journeyman HuWn)
 28105 | D:13     | Killed vuolankoinen's ghost
 28665 | D:14     | Reached skill level 5 in Crossbows
 28774 | D:14     | Found a portal to a secret trove of treasure.
 28805 | D:14     | Found a gate to the Vaults.
 29036 | Trove    | Entered a treasure trove
 29063 | Trove    | Got a twisted shortbow
 29087 | Trove    | Got a glittering graven amulet
 29130 | D:14     | Identified the +9 shortbow "Cineeguo" {freeze, rF- Str+6} (You found it in a treasure trove)
 29132 | D:14     | Reached XP level 16. HP: 121/121 MP: 7/23
 29133 | D:14     | Reached XP level 17. HP: 127/127 MP: 7/24
 29134 | D:14     | Reached XP level 18. HP: 139/139 MP: 7/25
 29136 | D:14     | Identified the amulet "Xoirot" {+Rage rPois Dex+3} (You found it in a treasure trove)
 29153 | D:14     | Learned a level 6 spell: Deflect Missiles
 29156 | D:14     | Found a shimmering altar of Xom.
 29300 | D:14     | Donated 690 gold pieces to Zin
 29426 | D:14     | Noticed Sonja
 29436 | D:14     | Killed Sonja
 29695 | D:14     | Found a bloodstained altar of Trog.
 29937 | D:15     | Entered Level 15 of the Dungeon
 29940 | D:15     | Reached skill level 15 in Bows
 30701 | Swamp:1  | Entered Level 1 of the Swamp
 30782 | Swamp:1  | Noticed Josephine
 30792 | Swamp:1  | Killed Josephine
 31677 | Swamp:1  | Noticed Nikola
 31699 | Swamp:1  | Reached XP level 19. HP: 145/145 MP: 26/26
 31750 | Swamp:1  | Killed Nikola
 33001 | Swamp:3  | Got a transparent scale mail
 33012 | Swamp:3  | Identified the cursed +1 scale mail of Dutuum {rN+ rCorr MP+9} (You found it on level 3 of the Swamp)
 33047 | Swamp:4  | Entered Level 4 of the Swamp
 33160 | Swamp:4  | Paralysed by a hornet for 3 turns
 33478 | Swamp:4  | Learned a level 2 spell: Shroud of Golubria
 33481 | Swamp:4  | Learned a level 2 spell: Blink
 33622 | Swamp:3  | Reached skill level 1 in Translocations
 34010 | Swamp:4  | Reached skill level 5 in Translocations
 34368 | Swamp:4  | Noticed the 27-headed Lernaean hydra
 34401 | Swamp:4  | Killed the 27-headed Lernaean hydra
 34418 | Swamp:4  | Got a decaying rune of Zot
 34725 | Lair:4   | Got a scorched bone amulet
 34727 | Lair:4   | Identified the amulet "Naghe" {Inacc *Corrode rF+ Str+3 Int+4} (You found it on level 4 of the Lair of Beasts)
 34741 | Lair:4   | Got a warped spear
 34742 | Lair:4   | Identified the +6 spear "Irchucit" {flame, +Blink rElec rPois} (You found it on level 4 of the Lair of Beasts)
 35045 | Spider:1 | Entered Level 1 of the Spider Nest
 35599 | Spider:1 | Reached skill level 5 in Spellcasting
 35607 | Spider:1 | Noticed Louise
 35637 | Spider:1 | Killed Louise
 38008 | Spider:2 | Got a pair of faintly humming gloves
 38019 | Spider:2 | Identified the +1 pair of gloves "Wiecror" {*Drain +Blink rElec Int-3} (You found it on level 2 of the Spider Nest)
 38090 | Spider:2 | Reached XP level 20. HP: 113/152 MP: 32/32
 38634 | Spider:3 | Reached skill level 5 in Air Magic
 40502 | Spider:4 | Entered Level 4 of the Spider Nest
 41039 | Spider:4 | Reached skill level 5 in Charms
 42484 | Spider:4 | Got a gossamer rune of Zot
 42972 | Vaults:1 | Entered Level 1 of the Vaults
 44011 | Vaults:1 | Noticed Saint Roka
 44401 | Vaults:1 | Reached XP level 21. HP: 157/158 MP: 33/33
 45100 | Vaults:1 | Killed Saint Roka
 45608 | Vaults:1 | Found Hausiz's Distillery.
 45711 | Vaults:1 | Found Syqydghu's Antique Weapon Shoppe.
 45719 | Vaults:1 | Bought an ancient halberd for 351 gold pieces
 46206 | Vaults:1 | Noticed Aizul
 46220 | Vaults:1 | Killed Aizul
 46588 | Vaults:1 | Found Yluif's Book Boutique.
 46936 | Vaults:2 | Reached skill level 10 in Spellcasting
 47084 | Vaults:2 | Found Zufayri's Antique Weapon Shoppe.
 47090 | Vaults:2 | Bought a twisted quarterstaff for 378 gold pieces
 47090 | Vaults:2 | Identified the +7 quarterstaff "Demonbane" {crush, rPois rN++} (You bought it in a shop on level 2 of the Vaults)
 48655 | Vaults:2 | Reached skill level 11 in Invocations
 49214 | Vaults:3 | Reached skill level 12 in Invocations
 49459 | Vaults:3 | Reached XP level 22. HP: 137/165 MP: 37/37
 50049 | Vaults:3 | Reached skill level 13 in Invocations
 50384 | Vaults:3 | Paralysed by a hornet for 2 turns
 50634 | Vaults:3 | Found a staircase to the Crypt.
 51201 | Vaults:3 | Reached skill level 14 in Invocations
 51940 | Vaults:4 | Noticed Donald
 51952 | Vaults:4 | Killed Donald
 52583 | Vaults:4 | Got an ancient arbalest
 52584 | Vaults:4 | Identified the cursed +0 arbalest "Ybrijaph" {velocity, rN+ Str+5} (You found it on level 4 of the Vaults)
 52961 | Vaults:5 | Entered Level 5 of the Vaults
 53455 | Vaults:4 | Reached XP level 23. HP: 172/175 MP: 38/38
 54538 | Vaults:5 | Noticed an ancient lich
 54828 | Vaults:5 | Noticed a golden dragon
 55803 | Vaults:5 | Noticed a golden dragon
 55828 | Vaults:5 | Killed a golden dragon
 56554 | Vaults:5 | Killed an ancient lich
 56554 | Vaults:5 | Reached skill level 15 in Dodging
 56859 | Vaults:5 | Identified the Incunabulum of Lucky Stolen Souls
 56864 | Vaults:5 | Learned a level 3 spell: Spectral Weapon
 56865 | Vaults:5 | Identified the Collected Works on Doomed Hexes
 56872 | Vaults:5 | Learned a level 3 spell: Portal Projectile
 57005 | Vaults:5 | Identified the +2 hat of Lethargy {rPois Str+6 Int+3} (You found it on level 5 of the Vaults)
 57054 | Vaults:5 | Killed a golden dragon
 57054 | Vaults:5 | Reached XP level 24. HP: 154/184 MP: 38/38
 57061 | Vaults:5 | Identified the +11 longbow of Ziushirr {venom, MP+9 Str+2 SInv} (You found it on level 5 of the Vaults)
 57411 | Vaults:5 | Identified the ring of Amorality {*Contam rC+ MR+ Dex+4} (You took it off a tengu reaver on level 5 of the Vaults)
 58538 | Vaults:5 | Got a silver rune of Zot
 58558 | Vaults:5 | Identified a +0 pair of boots of running (You found it on level 5 of the Vaults)
 59230 | Slime:1  | Entered Level 1 of the Pits of Slime
 60528 | Slime:5  | Entered Level 5 of the Pits of Slime
 60528 | Slime:5  | Noticed sreda's ghost (legendary MfMo)
 60628 | Slime:4  | Paralysed by a floating eye for 2 turns
 60657 | Slime:4  | Reached XP level 25. HP: 125/190 MP: 33/38
 61383 | Slime:5  | Noticed the Royal Jelly
 61407 | Slime:5  | Killed the Royal Jelly
 61930 | Slime:5  | Got an ancient brass ring
 61931 | Slime:5  | Identified the ring "Nimac" {rElec rPois} (You found it on level 5 of the Pits of Slime)
 61936 | Slime:5  | Got a glittering golden ring
 61937 | Slime:5  | Identified the ring "Unuh" {Ice *Drain Int+4} (You found it on level 5 of the Pits of Slime)
 61952 | Slime:5  | Identified Esakis's Advanced Guide to Witchcraft
 61956 | Slime:5  | Got a slimy rune of Zot
 62519 | D:15     | Found a staircase to the Depths.
 62564 | Depths:1 | Entered Level 1 of the Depths
 62564 | Depths:1 | Found Kickuse's Armour Emporium.
 62566 | Depths:1 | Reached skill level 15 in Invocations
 62789 | Depths:1 | Noticed an ancient lich
 62790 | Depths:1 | Found a gateway to a ziggurat.
 62865 | D:15     | Upgraded the game from 0.20.0-9-g8272e65 to 0.20.0-10-g0535bb4
 62929 | Depths:1 | Noticed Deemzul's ghost (journeyman FeBe)
 62934 | Depths:1 | Noticed the Enchantress
 63052 | Depths:1 | Killed Deemzul's ghost
 63098 | D:15     | Killed the Enchantress
 63104 | D:15     | Got faerie dragon scales
 63115 | D:15     | Identified the +0 faerie dragon scales {rF+ rCorr Clar} (You took it off the Enchantress on level 15 of the Dungeon)
 63539 | Depths:1 | Reached skill level 16 in Invocations
 63585 | Depths:1 | Found a one-way gate leading to the halls of Pandemonium.
 63666 | Depths:1 | Found a corrupted altar of Lugonu.
 63667 | Depths:1 | Found a one-way gate to the infinite horrors of the Abyss.
 63786 | Depths:1 | Found a gateway to Hell.
 64501 | Depths:2 | Found a shimmering altar of Xom.
 64501 | Depths:2 | Noticed Mara
 64503 | Depths:2 | Noticed Lavandula's illusion
 64513 | Depths:1 | Reached skill level 17 in Invocations
 64638 | Depths:2 | Reached XP level 26. HP: 196/196 MP: 38/38
 64902 | Depths:1 | Paralysed by a sphinx for 5 turns
 65688 | D:15     | Learned a level 6 spell: Iron Shot
 65696 | D:15     | Learned a level 7 spell: Spellforged Servitor
 65874 | Depths:2 | Noticed Lavandula's illusion
 65963 | Depths:2 | Killed Mara
 65963 | Depths:2 | Reached skill level 15 in Maces & Flails
 67686 | Depths:3 | Noticed a juggernaut
 67690 | Depths:3 | Noticed a juggernaut
 67764 | Depths:3 | Was placed under penance by Zin
 67794 | Depths:3 | Killed a juggernaut
 67801 | Depths:3 | Killed a juggernaut
 69047 | Depths:3 | Reached XP level 27. HP: 191/203 MP: 38/38
 69210 | Depths:3 | Was forgiven by Zin
 69456 | Depths:4 | Noticed a juggernaut
 69725 | Depths:4 | Killed a juggernaut
 69843 | Depths:4 | Found Gumadgho's Gadget Shoppe.
 70247 | Depths:4 | Paralysed by a sphinx for 2 turns
 70686 | Depths:5 | Entered Level 5 of the Depths
 70902 | Depths:5 | Noticed Xtahua
 70930 | Depths:5 | Killed Xtahua
 71002 | Depths:5 | Reached skill level 18 in Invocations
 71190 | Depths:5 | Noticed Margery
 71211 | Depths:5 | Killed Margery
 71653 | Depths:5 | Found a gate to the Realm of Zot.
 71689 | Depths:5 | Reached skill level 19 in Invocations
 72212 | Hell     | Entered the Vestibule of Hell
 72212 | Hell     | Noticed Geryon
 72222 | Hell     | Noticed Gitz's ghost (veteran MiFi)
 72312 | Pan      | Entered Pandemonium
 72324 | Pan      | Reached skill level 1 in Conjurations
 72711 | Pan      | Reached skill level 5 in Summonings
 73019 | Depths:3 | Escaped Pandemonium
 73430 | Vaults:5 | Learned a level 5 spell: Summon Mana Viper
 74853 | Hell     | Killed Gitz's ghost
 74853 | Hell     | Reached skill level 10 in Summonings
 74883 | Hell     | Killed Geryon
 75227 | Depths:1 | Killed an ancient lich
 75359 | Depths:1 | Reached skill level 5 in Conjurations
 75385 | Zig:1    | Entered Level 1 of a ziggurat
 75416 | Zig:2    | Entered Level 2 of a ziggurat
 75487 | Zig:3    | Entered Level 3 of a ziggurat
 75527 | Zig:4    | Entered Level 4 of a ziggurat
 75529 | Zig:4    | Noticed a greater mummy
 75545 | Zig:4    | Killed a greater mummy
 75683 | Zig:5    | Entered Level 5 of a ziggurat
 75789 | Zig:5    | Got a smoking granite ring
 75798 | Zig:5    | Identified the ring "Jousak" {rCorr rPois Stlth+} (You found it on level 5 of a ziggurat)
 75921 | Zig:6    | Entered Level 6 of a ziggurat
 76154 | Zig:7    | Entered Level 7 of a ziggurat
 76398 | Zig:8    | Entered Level 8 of a ziggurat
 76424 | Zig:8    | Reached skill level 10 in Conjurations
 76495 | Zig:9    | Entered Level 9 of a ziggurat
 76593 | Zig:9    | Got a pair of dazzling boots
 76604 | Zig:9    | Identified the +0 pair of boots of the Unseen Realm {rCorr MP+9 Dex+2} (You found it on level 9 of a ziggurat)
 76655 | Zig:9    | Identified the ring of Law {+Blink rF+ rN+} (You found it on level 9 of a ziggurat)
 76843 | Pan      | Entered Pandemonium
 76869 | Pan      | Found an exit through the horrors of the Abyss.
 77152 | Pan      | Found an exit through the horrors of the Abyss.
 77164 | Pan      | Took an exit into the Abyss.
 77164 | Abyss:1  | Escaped into the Abyss
 77363 | Abyss:3  | Found a sparkling altar of Nemelex Xobeh.
 77788 | Abyss:3  | Found a glowing golden altar of the Shining One.
 77867 | Abyss:3  | Noticed a juggernaut
 77879 | Abyss:3  | Killed a juggernaut
 77882 | Abyss:3  | Got an abyssal rune of Zot
 78073 | Abyss:4  | Paralysed by an apocalypse crab for 7 turns
 78101 | Abyss:4  | Found a corrupted altar of Lugonu.
 78125 | Depths:1 | Escaped the Abyss
 78227 | Pan      | Entered Pandemonium
 78251 | Pan      | Reached skill level 15 in Conjurations
 78583 | Pan      | Reached skill level 5 in Stealth
 78798 | Depths:1 | Escaped Pandemonium
 78852 | Pan      | Entered Pandemonium
 79221 | Pan      | Found an exit through the horrors of the Abyss.
 79345 | Pan      | Found a runed door.
 80053 | Pan      | Reached skill level 10 in Stealth
 80119 | Pan      | Noticed Cylecafa the pandemonium lord
 80142 | Pan      | Killed Cylecafa the pandemonium lord
 80294 | Pan      | Found an exit through the horrors of the Abyss.
 80429 | Pan      | Noticed Ajeireuleo the pandemonium lord
 80635 | Pan      | Killed Ajeireuleo the pandemonium lord
 80637 | Pan      | Got a demonic rune of Zot
 80921 | Pan      | Found an exit through the horrors of the Abyss.
 80951 | Pan      | Noticed Rockeum the pandemonium lord
 81386 | Pan      | Entered the realm of Mnoleg.
 81476 | Pan      | Noticed Mnoleg
 81614 | Pan      | Paralysed by a floating eye for 4 turns
 81649 | Pan      | Killed Mnoleg
 81687 | Pan      | Got a glowing rune of Zot
 81727 | Depths:1 | Escaped Pandemonium
 81729 | Pan      | Entered Pandemonium
 81883 | Pan      | Entered the realm of Gloorx Vloq.
 82002 | Pan      | Found an exit through the horrors of the Abyss.
 82202 | Pan      | Reached skill level 20 in Invocations
 82839 | Pan      | Noticed Gloorx Vloq
 83153 | Pan      | Got a dark rune of Zot
 83299 | Depths:1 | Escaped Pandemonium
 83338 | Pan      | Entered the realm of Lom Lobon.
 83338 | Pan      | Entered Pandemonium
 83494 | Pan      | Noticed Gloorx Vloq
 84011 | Pan      | Reached skill level 21 in Invocations
 84060 | Pan      | Paralysed by a lich for 7 turns
 84107 | Pan      | Noticed Lom Lobon
 84171 | Pan      | Killed Lom Lobon
 84206 | Pan      | Got a magical rune of Zot
 84307 | Pan      | Found an exit through the horrors of the Abyss.
 84337 | Pan      | Entered the realm of Cerebov.
 84379 | Pan      | Noticed Gloorx Vloq
 85141 | Pan      | Identified a scroll of acquirement
 85165 | Pan      | Identified the amulet "Azamic" {RegenMP Str+3} (You acquired it in Pandemonium)
 85204 | Pan      | Reached skill level 22 in Invocations
 85216 | Pan      | Identified the ring "Bifuts" {rF+ rN+ SInv} (You took it off a balrug in Pandemonium)
 85399 | Pan      | Noticed Cerebov
 85417 | Pan      | Killed from afar by Cerebov

Skill      XL: |  1  2  3  4  5  6  7  8  9 10 11 12 13 14 15 16 17 18 19 20 21 22 23 24 25 26 27 |
---------------+----------------------------------------------------------------------------------+-----
Bows           | 5 6 7 9 10 12 13 14 16 18 19 20 | 20.5
Short Blades   | 1 |  1.0
Invocations    | 2 4 6 9 10 12 14 17 22 | 22.0
Fighting       | 6 9 11 13 | 13.9
Maces & Flails | 4 6 7 10 14 18 20 | 20.3
Evocations     | 6 |  6.9
Dodging        | 3 10 11 16 20 21 | 21.4
Spellcasting   | 2 4 8 11 | 11.0
Air Magic      | 4 8 |  8.8
Charms         | 3 7 |  7.7
Summonings     | 1 11 | 11.5
Armour         | 6 9 |  9.3
Stealth        | 3 14 | 14.1
Crossbows      | 6 8 |  8.6
Translocations | 7 |  7.8
Conjurations   | 15 | 15.0
Long Blades    | |  0.2

Action                   |  1- 3 |  4- 6 |  7- 9 | 10-12 | 13-15 | 16-18 | 19-21 | 22-24 | 25-27 || total
-------------------------+-------+-------+-------+-------+-------+-------+-------+-------+-------++-------
Melee: Short sword       |       |     5 |       |       |       |       |       |       |       ||     5
       Dagger            |       |    58 |    78 |       |       |       |       |       |       ||   136
       Flail             |       |       |    27 |   549 |   837 |    98 |  1443 |   283 |   153 ||  3390
       Spear             |       |       |       |     1 |       |       |       |       |       ||     1
       Great mace        |       |       |       |       |       |       |       |       |  2573 ||  2573
 Fire: Shortbow          |    87 |   128 |   341 |   513 |   204 |     7 |       |       |       ||  1280
       Longbow           |       |       |       |       |   593 |   268 |   927 |  1462 |  1475 ||  4725
       Arbalest          |       |       |       |       |    30 |       |   459 |   356 |   242 ||  1087
Throw: Javelin           |       |       |     2 |    14 |     3 |       |       |       |       ||    19
       Tomahawk          |       |       |       |     4 |     1 |       |       |       |       ||     5
       Throwing net      |       |       |       |     2 |       |       |     1 |       |       ||     3
 Cast: Airstrike         |       |       |       |       |     2 |       |     2 |       |     1 ||     5
       Apportation       |       |       |       |       |       |       |    85 |   133 |   202 ||   420
       Shroud of Golubri |       |       |       |       |       |       |    25 |    30 |    82 ||   137
       Mephitic Cloud    |       |       |       |       |       |       |    17 |       |     3 ||    20
       Summon Lightning  |       |       |       |       |       |       |     3 |     6 |    20 ||    29
       Swiftness         |       |       |       |       |       |       |     2 |     4 |     4 ||    10
       Deflect Missiles  |       |       |       |       |       |       |     8 |    18 |    31 ||    57
       Summon Butterflie |       |       |       |       |       |       |     2 |     3 |    24 ||    29
       Blink             |       |       |       |       |       |       |       |    15 |     3 ||    18
       Portal Projectile |       |       |       |       |       |       |       |     2 |     4 ||     6
       Spectral Weapon   |       |       |       |       |       |       |       |       |    21 ||    21
       Spellforged Servi |       |       |       |       |       |       |       |       |    20 ||    20
       Summon Mana Viper |       |       |       |       |       |       |       |       |     3 ||     3
Invok: Recite            |       |       |    33 |    49 |    40 |     9 |    23 |    21 |    88 ||   263
       Vitalisation      |       |       |     1 |     2 |     1 |       |     2 |     1 |       ||     7
       Donate Gold       |       |       |       |       |       |     1 |       |       |       ||     1
       Sanctuary         |       |       |       |       |       |       |       |     1 |     5 ||     6
       Imprison          |       |       |       |       |       |       |       |       |     3 ||     3
 Abil: Hop               |     1 |     7 |     8 |    23 |    21 |     8 |    62 |    46 |    48 ||   224
       Evoke Berserk Rag |       |       |       |     7 |    27 |     2 |    19 |     2 |       ||    57
Evoke: Wand              |       |       |     1 |    11 |    17 |       |    15 |     6 |     4 ||    54
       Phial of floods   |       |       |       |       |     1 |     1 |     2 |     1 |     2 ||     7
       Lamp of fire      |       |       |       |       |       |       |       |       |     7 ||     7
  Use: Scroll            |       |       |    14 |     6 |    17 |     9 |    15 |    17 |    41 ||   119
       Potion            |       |       |       |     4 |     1 |     3 |     7 |    11 |    10 ||    36
 Stab: Confused          |       |       |     1 |     3 |     8 |       |     7 |       |    38 ||    57
       Invisible         |       |       |       |     2 |     3 |       |     3 |       |       ||     8
       Paralysed         |       |       |       |     6 |     3 |       |    46 |    15 |       ||    70
       Sleeping          |       |       |       |     1 |     1 |       |     3 |       |     5 ||    10
       Distracted        |       |       |       |       |     1 |       |     3 |       |    24 ||    28
       Held in net/web   |       |       |       |       |       |       |     2 |       |       ||     2
  Eat: Chunk             |       |     4 |     7 |    19 |    29 |       |    26 |     5 |    10 ||   100
       Royal jelly       |       |     1 |       |     1 |     3 |       |     4 |     2 |    13 ||    24
       Meat ration       |       |       |     2 |     2 |     3 |       |     1 |     2 |     9 ||    19
       Bread ration      |       |       |       |     1 |     4 |     2 |     8 |     4 |     5 ||    24
       Fruit             |       |       |       |       |     4 |     1 |    12 |    16 |    13 ||    46
Armor: Leather armour    |    14 |    46 |       |       |       |       |       |       |       ||    60
       Robe              |       |       |    37 |    93 |       |       |       |       |       ||   130
       Ring mail         |       |       |       |    62 |       |       |       |       |       ||    62
       Steam dragon scal |       |       |       |    90 |   260 |    65 |   732 |   236 |   624 ||  2007
Dodge: Dodged            |    33 |    61 |   112 |   441 |   697 |   147 |  2052 |   906 |  4062 ||  8511
       Deflected         |       |       |       |       |       |       |    35 |   110 |   139 ||   284
